 Dungeon Crawl Stone Soup version 0.27-a0-906-g0a00ce863d (webtiles) character file.

Game seed: 12081404221761255893

25 rjrrt the Chopper (level 2, -2/26 HPs)
             Began as a Minotaur Berserker on Apr 8, 2021.
             Was a Follower of Trog.
             Slain by a gnoll sergeant
             ... wielding a +0 spear
              (5 damage)
             ... on level 2 of the Dungeon.
             The game lasted 00:01:17 (1004 turns).

rjrrt the Chopper (Minotaur Berserker)              Turns: 1004, Time: 00:01:18

Health: -2/26      AC:  4    Str: 21    XL:     2   Next: 82%
Magic:  1/1        EV: 11    Int:  4    God:    Trog [*.....]
Gold:   37         SH:  0    Dex:  9    Spells: 1/1 levels left

rFire    . . .     SeeInvis .   a - +0 hand axe
rCold    . . .     Faith    .   (no shield)
rNeg     . . .     Spirit   .   i - +1 leather armour {rPois}
rPois    +         Reflect  .   (helmet restricted)
rElec    .         Harm     .   (no cloak)
rCorr    .         Rampage  .   (no gloves)
Will     .....                  (no boots)
Stlth    +.........             e - amulet of regeneration
HPRegen  1.08/turn              (no ring)
MPRegen  0.07/turn              (no ring)

@: on berserk cooldown
A: horns 2, retaliatory headbutt
a: Renounce Religion, Berserk


You were on level 2 of the Dungeon.
You worshipped Trog.
Trog was aware of your devotion.
You visited 1 branch of the dungeon, and saw 2 of its levels.

You collected 37 gold pieces.

Inventory:

Hand Weapons
 a - a +0 hand axe (weapon)
 b - a +0 spear
Armour
 i - a +1 leather armour of poison resistance (worn)
Jewellery
 e - an amulet of regeneration (around neck)
Scrolls
 f - a scroll of teleportation {unknown}
 g - a scroll of identify {unknown}
 h - a scroll of holy word {unknown}
Potions
 c - a potion of berserk rage {unknown}
 d - a potion of ambrosia {unknown}


   Skills:
 - Level 3.6 Fighting
 + Level 5.0 Axes
 - Level 2.4 Armour
 - Level 2.1 Dodging


You had one spell level left.
You didn't know any spells.
Your spell library was empty.

Dungeon Overview and Level Annotations

Branches:
Dungeon (2/15)

Altars:


Innate Abilities, Weirdness & Mutations

You have a pair of horns on your head.
You reflexively headbutt those who attack you in melee.


Message History

You slash the gnoll!
You kill the gnoll!
Trog accepts your kill.
Your Axes skill increases to level 5!
Things that are here:
a +0 spear; a gnoll corpse
b - a +0 spear You feel a strong urge to attack something.
You are no longer berserk.
You are exhausted.
You feel yourself slow down.
You start waiting.
A gnoll sergeant comes into view. It is wielding a +0 spear.
The gnoll sergeant shouts!
The gnoll sergeant hits you from afar with a +0 spear!
You're still recovering from your berserk rage.
A gnoll comes into view. It is wielding a +0 spear.
The gnoll sergeant hits you with a +0 spear!
You hit the gnoll sergeant.
Your headbutt misses the gnoll sergeant.
The gnoll sergeant is lightly wounded.
The gnoll sergeant hits you with a +0 spear.
* * * LOW HITPOINT WARNING * * *
The gnoll sergeant barely misses you.
You hit the gnoll sergeant but do no damage.
The gnoll sergeant is lightly wounded.
The gnoll sergeant hits you with a +0 spear.
* * * LOW HITPOINT WARNING * * *
You hit the gnoll sergeant.
The gnoll sergeant is moderately wounded.
You feel yourself speed up. The gnoll sergeant closely misses you.
The gnoll hits you from afar with a +0 spear.
* * * LOW HITPOINT WARNING * * *
The gnoll sergeant misses you.
You hit the gnoll sergeant.
The gnoll sergeant is moderately wounded.
The gnoll completely misses you.
The gnoll sergeant hits you with a +0 spear.
You die...

######## #..†...#
#.####.# #.#....#
#.#.#### #.#.#..
###############.#.#.####
#..†...@gg....#.#.#.#...
#.###########g#.#.#.#.##
#.# ######.#.#.#.#...
#g# #..........)......
#.# #.#####g#.#.#.....
#.# #.#.#.###### #.#
#.#.#.# #.# #.#.#.# #†#
#.#.#..


You could see a gnoll sergeant and 2 gnolls.

Vanquished Creatures
  A gnoll (D:2)
  4 endoplasms (D:1)
  A giant cockroach (D:1)
  2 hobgoblins (D:1)
  A ball python (D:1)
  2 bats
  A frilled lizard (D:1)
  3 rats
15 creatures vanquished.

Notes
Turn   | Place    | Note
-------+----------+-------------------------------------------
     0 | D:1      | rjrrt the Minotaur Berserker began the quest for the Orb.
     0 | D:1      | Reached XP level 1. HP: 19/19 MP: 0/0
   151 | D:1      | Found a faded altar of an unknown god.
   186 | D:1      | Reached skill level 4 in Axes
   354 | D:1      | Reached XP level 2. HP: 26/26 MP: 1/1
   976 | D:2      | Reached skill level 5 in Axes
   991 | D:2      | Noticed a gnoll sergeant
  1004 | D:2      | Slain by a gnoll sergeant

Illustrated notes

Levels and vault maps discovered:
D:1:      minmay_arrival_up_and_down, layout_basic, basic_ecumenical_altar
D:2:      layout_basic

Skill      XL: |  1  2 |
---------------+-------+-----
Axes           | 4 5 |  5.0
Fighting       | |  3.6
Armour         | |  2.4
Dodging        | |  2.1

Action                   || total
-------------------------++-------
Melee: Hand axe          ||    32
       Headbutt          ||     7
Invok: Berserk           ||     1
Armor: Leather armour    ||     5
       Animal skin       ||     2
Dodge: Dodged            ||    11

Table legend: (Time is in decaauts)
 A = Elapsed time spent in this place.
 B = Non-inter-level travel time spent in this place.
 C = Inter-level travel time spent in this place.
 D = Time resting spent in this place.
 E = Time spent auto-exploring this place.
 F = Levels seen in this place.
 G = Mean time per level.
                   A        B        C        D        E       F      G
               +--------+--------+--------+--------+--------+-----+--------+
         Total |   1016 |    985 |     31 |      7 |    833 |   2 |  508.0 |
       Dungeon |   1016 |    985 |     31 |      7 |    833 |   2 |  508.0 |
               +--------+--------+--------+--------+--------+-----+--------+

Top non-repeatable levels by time:
     D:1: 875 daAuts
     D:2: 140 daAuts
